 Dungeon Crawl Stone Soup version 0.31.0-12-g77e489cdc1 (webtiles) character file.

Game seed: 11868659594915308223

541 BigDaddyOpFi the Chopper (level 7, -6/64 HPs)
             Began as a Hill Orc Monk on Feb 28, 2024.
             Mangled by Duvessa
             ... wielding a +0 short sword
              (11 damage)
             ... on level 4 of the Dungeon.
             The game lasted 00:04:14 (3608 turns).

BigDaddyOpFi the Chopper (Hill Orc Monk)            Turns: 3608, Time: 00:04:14

Health: -6/64      AC:  9    Str: 16    XL:     7   Next: 26%
Magic:  7/7        EV: 10    Int: 10    God:
Gold:   131        SH:  0    Dex: 13    Spells: 6/6 levels left

rFire   . . .        a - +0 hand axe
rCold   . . .        d - orb {light}
rNeg    . . .        g - +0 scale mail
rPois   .            (no helmet)
rElec   .            (no cloak)
rCorr   .            h - +2 pair of gloves
SInv    .            (no boots)
Will    .....        (no amulet) Stlth
                     (no ring)
HPRegen 0.30/turn    (no ring)
MPRegen 0.10/turn

%: no passive effects
@: glowing
A: no striking features
a: no special abilities


You were on level 4 of the Dungeon.
You visited 1 branch of the dungeon, and saw 4 of its levels.

You collected 131 gold pieces.

Inventory:

Hand Weapons
 a - a +0 hand axe (weapon)
 b - a +0 scythe
 e - a +6 spear
Armour
 d - an orb of light (worn)
 g - a +0 scale mail (worn)
 h - a +2 pair of gloves (worn)
Wands
 j - a wand of charming (7) (quivered)
Scrolls
 c - a scroll of noise


   Skills:
 + Level 6.3 Fighting
 + Level 6.9 Axes
 + Level 4.3 Dodging


You had 6 spell levels left.
You didn't know any spells.
Your spell library contained the following spells:

 Spells                   Type           Power      Damage    Failure   Level
 Shock                    Conj/Air       0%         1d3       82%         1
 Gell's Gravitas          Tloc           0%         N/A       99%         3
 Swiftness                Air            0%         N/A       99%         3
 Teleport Other           Tloc           0%         N/A       99%         3
 Airstrike                Air            0%         2d(0-16)  100%        4
 Dispersal                Tloc           0%         N/A       100%        6


Dungeon Overview and Level Annotations

Branches:
Dungeon (4/15)
 Temple: D:4-7

Altars:

Annotations:
D:4 Duvessa


Message History

Press: ? - help, Dir - move target Fall back!
What are your orders?
Orders for allies: a - Attack new target. r - Retreat! s - Stop attacking. g - Guard the area. f - Follow me.
Anything else - Cancel.
You are unable to make a sound!
There are no items here.
What are your orders?
Orders for allies: a - Attack new target. r - Retreat! s - Stop attacking. g - Guard the area. f - Follow me.
Anything else - Cancel.
Guard this area!
You climb downwards.
There is a stone staircase leading up here.
Duvessa rages.
Duvessa rages.
Things that are here:
a +0 robe; a +0 dagger; the elf corpse of Dowan
There is a stone staircase leading down here.
Duvessa rages.
Your hearing returns.
Duvessa rages.
Duvessa rages.
There is a stone staircase leading down here.
Duvessa is no longer charmed.
Things that are here:
a +0 robe; a +0 dagger; the elf corpse of Dowan Duvessa barely misses you.
Duvessa attacks as she pursues you! Duvessa closely misses you.
Duvessa hits you with a +0 short sword!
* * * LOW HITPOINT WARNING * * *
You aren't carrying any potions.
Okay, then.
You hit Duvessa but do no damage.
Duvessa is moderately wounded.
Duvessa hits you with a +0 short sword!
You die...

##...### #............
##.####.###.###.###.##
#......##(.....#
#.#######..####### ##'##
#......... ##...##
#>######## ##.....## #[###
#.......## #.#.##
#.........###.e@.#########
+.........'.......<.......
#.........#.#....#########
##.......##.#.#..#
##.....###.#.##.# ##...##
#.#....# ##+# #.####.# #.#
#.# #.. ..#


You could see Duvessa (berserk).

Vanquished Creatures
  Sigmund (D:3)
  An ogre (D:4)
  Dowan (D:4)
  2 bombardier beetles
  3 iguanas
  5 adders
  4 dart slugs (D:2)
  An orc (D:3)
  2 bats
  3 endoplasms
  3 giant cockroaches
  4 goblins
  4 hobgoblins
  4 quokkas
  4 ball pythons
  5 frilled lizards
  7 kobolds
  4 rats
58 creatures vanquished.

Notes
Turn   | Place    | Note
-------+----------+-------------------------------------------
     0 | D:1      | BigDaddyOpFi the Hill Orc Monk began the quest for the Orb.
     0 | D:1      | Reached XP level 1. HP: 19/19 MP: 1/1
   333 | D:1      | Reached XP level 2. HP: 26/27 MP: 2/2
   903 | D:2      | Reached XP level 3. HP: 33/33 MP: 3/3
  1571 | D:3      | Reached skill level 5 in Axes
  1571 | D:3      | Reached XP level 4. HP: 39/41 MP: 4/4
  1675 | D:3      | Reached XP level 5. HP: 30/47 MP: 5/5
  1684 | D:3      | HP: 1/47 [burnt (2)]
  2298 | D:3      | Noticed Sigmund
  2456 | D:3      | Killed Sigmund
  2457 | D:3      | Reached skill level 5 in Fighting
  2457 | D:3      | Reached XP level 6. HP: 32/56 MP: 6/6
  3350 | D:4      | Reached XP level 7. HP: 60/63 MP: 7/7
  3524 | D:4      | Noticed Dowan
  3537 | D:4      | Killed Dowan
  3555 | D:4      | Noticed Duvessa
  3608 | D:4      | Mangled by Duvessa

Illustrated notes

Levels and vault maps discovered:
D:1:      lemuel_arrival_behind_the_door_large, layout_loops_ring,
          roderic_roman_lattice
D:2:      layout_loops_ring, kennysheep_generic_room_12
D:3:      layout_basic, serial_park_tiny_1, minivault_27, uniq_sigmund
D:4:      layout_loops_corners, small_statue_intersection, uniq_duvessa

Skill      XL: |  1  2  3  4  5  6 |
---------------+-------------------+-----
Fighting       | 4 5 6 |  6.3
Dodging        | 3 4 |  4.3
Axes           | 5 6 |  6.9

Action                     |  1- 3 |  4- 6 |  7- 9 || total
---------------------------+-------+-------+-------++-------
  Melee: Hand axe          |   101 |    85 |    38 ||   224
  Evoke: Wand              |       |       |     1 ||     1
    Use: Scroll            |     2 |     2 |     3 ||     7
         Potion            |     1 |     3 |       ||     4
 Armour: Robe              |    26 |       |       ||    26
         Scale mail        |    25 |    43 |    28 ||    96
  Dodge: Dodged            |    56 |    40 |    21 ||   117
